 Dungeon Crawl Stone Soup version 0.29.1-13-g9f3cf754e1 (webtiles) character file.

Game seed: 17212382567224133640

501 nightchill the Chopper (level 6, 0/85 HPs)
             Began as a Minotaur Fighter on Feb 3, 2023.
             Succumbed to a gnoll's curare-tipped dart
             ... on level 4 of the Dungeon.
             The game lasted 00:06:05 (2407 turns).

nightchill the Chopper (Minotaur Fighter)           Turns: 2407, Time: 00:06:06

Health: 0/85       AC: 10    Str: 22    XL:     6   Next: 95%
Magic:  5/5        EV:  9    Int:  5    God:
Gold:   202        SH:  4    Dex: 10    Spells: 5/5 levels left

rFire   . . .      SeeInvis .   a - +0 war axe
rCold   . . .      Faith    .   c - +0 buckler
rNeg    . . .      Spirit   .   b - +0 scale mail
rPois   .          Reflect  .   (helmet restricted)
rElec   .          Harm     .   (no cloak)
rCorr   .          Rampage  .   f - +2 pair of gloves
Will    .....                   (no boots)
Stlth   ..........              (no amulet)
HPRegen 0.24/turn               (no ring)
MPRegen 0.09/turn               (no ring)

@: berserking (expiring), lethally poisoned (0 -> -8), slowed
A: horns 2, retaliatory headbutt
a: no special abilities


You were on level 4 of the Dungeon.
You visited 1 branch of the dungeon, and saw 4 of its levels.

You collected 202 gold pieces.

Inventory:

Hand Weapons
 a - a +0 war axe (weapon)
Armour
 b - a +0 scale mail (worn)
 c - a +0 buckler (worn)
 f - a +2 pair of gloves (worn)
Jewellery
 w - a +4 ring of protection
Wands
 d - a wand of digging (6)
 u - a wand of polymorph (9)
 x - a wand of roots (6)
Scrolls
 h - 3 scrolls of teleportation
 j - a scroll of identify {unknown}
 m - a scroll of brand weapon {unknown}
 o - a scroll of poison {unknown}
 p - a scroll of enchant weapon {unknown}
 q - a scroll of enchant armour {unknown}
 r - a scroll of noise {unknown}
 t - a scroll of fear {unknown}
 y - a scroll of magic mapping {unknown}
Potions
 e - a potion of attraction {unknown}
 g - a potion of magic {unknown}
 k - a potion of lignification {unknown}
 l - a potion of haste {unknown}
 n - a potion of berserk rage
 s - a potion of flight {unknown}
 v - a potion of heal wounds {unknown}


   Skills:
 + Level 6.2 Fighting
 * Level 7.6 Axes
 - Level 3.6 Armour
 - Level 3.6 Shields


You had 5 spell levels left.
You didn't know any spells.
Your spell library contained the following spells:

 Spells                   Type           Power      Damage    Failure   Level
 Blink                    Tloc           0%         N/A       95%         2
 Manifold Assault         Tloc           0%         N/A       100%        5
 Storm Form               Tmut/Air       0%         N/A       100%        7


Dungeon Overview and Level Annotations

Branches:
Dungeon (4/15)
 Temple: D:4-7

Altars:
Ashenzari
Cheibriados

Shops:
D:2 (


Innate Abilities, Weirdness & Mutations

You have a pair of horns on your head.
You reflexively headbutt those who attack you in melee.


Message History

You are poisoned.
You have difficulty breathing.
* * * LOW HITPOINT WARNING * * *
You feel as though you will be slow longer.
The gnoll shoots a sling bullet.
The sling bullet barely misses you.
* * * LOW HITPOINT WARNING * * *
You feel very sick.
The gnoll shoots a sling bullet.
The sling bullet closely misses you.
It was a potion of curing.
You feel better.
The gnoll shoots a sling bullet.
The sling bullet barely misses you.
The gnoll throws a curare-tipped dart.
The curare-tipped dart hits you.
You are poisoned.
You have difficulty breathing.
* * * LOW HITPOINT WARNING * * *
You feel as though you will be slow longer.
You feel better.
The gnoll throws a curare-tipped dart.
The curare-tipped dart barely misses you.
The gnoll throws a curare-tipped dart.
The curare-tipped dart hits you.
You are lethally poisoned!
You have difficulty breathing.
* * * LOW HITPOINT WARNING * * *
You feel as though you will be slow longer.
It was a potion of berserk rage.
A red film seems to cover your vision as you go berserk!
You feel yourself moving faster!
You feel mighty!
* * * LOW HITPOINT WARNING * * *
You feel extremely sick.
You feel a strong urge to attack something.
* * * LOW HITPOINT WARNING * * *
You feel very sick. The gnoll hits you with a +0 spear.
* * * LOW HITPOINT WARNING * * *
You barely miss the gnoll.
* * * LOW HITPOINT WARNING * * *
You feel very sick. You block the orc's attack.
The gnoll hits you but does no damage.
You barely miss the orc.
The orc is heavily wounded.
You slash the gnoll!
You die...

##................†.............
.##......####.###..#............
.####....#...<.##....###.......#
..###..>.....####)..###..>.....#
..#....##...## #..............#
####...#...^#####8...#..........
..⌠####...)...##.....##.........
...# #..........8.8.###.......#
...# #.........@og...##.......#
...## ..........g8g8.###........
....#...........##o.####........
#...#...........#.SgS##.g###....
#...#....#......#.#.....o# ...#
#...#....###......#####.S)# #..
#...# #.####. #S.#....... #...#
.. #. #..#..... #...# #.
...##......


You could see 4 gnolls, 2 orcs and 2 ball pythons.

Vanquished Creatures
  Grinder (D:3)
  Blork the orc (D:4)
  A hound (D:4)
  Terence (D:3)
  An orc wizard (D:4)
  Robin (D:3)
  2 adders
  3 ufetubi
  3 worms
  A dart slug (D:4)
  4 orcs
  7 ball pythons
  13 bats
  6 endoplasms
  5 giant cockroaches
  23 goblins
  6 hobgoblins
  3 jackals (D:2)
  2 quokkas (D:2)
  4 frilled lizards
  8 kobolds
  6 rats
102 creatures vanquished.

Notes
Turn   | Place    | Note
-------+----------+-------------------------------------------
     0 | D:1      | nightchill the Minotaur Fighter began the quest for the
                  | Orb.
     0 | D:1      | Reached XP level 1. HP: 19/19 MP: 0/0
     5 | D:1      | Noticed a death yak
    35 | D:1      | Reached skill level 3 in Axes
    63 | D:1      | Reached XP level 2. HP: 27/27 MP: 1/1
   576 | D:1      | Reached XP level 3. HP: 33/33 MP: 2/2
   714 | D:2      | Reached skill level 4 in Axes
   879 | D:2      | Found Munelit's Antique Weapon Emporium.
   977 | D:2      | Reached XP level 4. HP: 38/41 MP: 3/3
  1027 | D:2      | Found a broken altar of Ashenzari.
  1064 | D:2      | You fall into a shaft and drop 2 floors!
  1117 | D:4      | Reached skill level 5 in Axes
  1176 | D:4      | Noticed Blork the orc
  1185 | D:4      | Killed Blork the orc
  1186 | D:4      | Reached skill level 5 in Fighting
  1186 | D:4      | Reached XP level 5. HP: 35/48 MP: 4/4
  1548 | D:3      | Found a faded altar of an unknown god.
  1610 | D:3      | Noticed Grinder
  1663 | D:3      | Paralysed by Grinder for 3 turns
  1669 | D:3      | Killed Grinder
  1670 | D:3      | Reached skill level 7 in Axes
  1670 | D:3      | Reached XP level 6. HP: 57/57 MP: 5/5
  1790 | D:3      | Found a snail-covered altar of Cheibriados.
  1971 | D:3      | Noticed Robin
  2000 | D:3      | Noticed Terence
  2011 | D:3      | Killed Robin
  2013 | D:3      | Killed Terence
  2405 | D:4      | HP: 4/85 [gnoll/+0 spear (4)]
  2406 | D:4      | HP: 1/85 [poisoned by a gnoll (curare-tipped dart)]
  2407 | D:4      | Succumbed to a gnoll's curare-tipped dart

Illustrated notes

Levels and vault maps discovered:
D:1:      sevenhm_arrival_forest_fort_small_2, layout_basic
D:2:      layout_rooms, basic_altar, serial_shops, shop
D:3:      layout_rooms, cheibrodos_worm_habitat,
          shapermc_ecumenical_altar_notcrosses, uniq_robin, uniq_grinder,
          uniq_terence
D:4:      kennysheep_spiral_hall, layout_cave_pools,
          grunt_temple_overflow_gold_and_silver,
          mainiacjoe_overflow_concentric_impassable, temple_hall,
          serial_column_ruins, column_ruins_hut_water,
          column_ruins_corridor_dead_end, column_ruins_open_medium,
          column_ruins_columns_dead_end, nicolae_shop_fire_sale
          [nicolae_sub_dead_trees], uniq_blork_the_orc

Skill      XL: |  1  2  3  4  5  6 |
---------------+-------------------+-----
Axes           | 3 4 5 7 |  7.6
Fighting       | 4 5 6 |  6.2
Armour         | |  3.6
Shields        | |  3.6

Action                   |  1- 3 |  4- 6 || total
-------------------------+-------+-------++-------
Melee: War axe           |    85 |   104 ||   189
       Headbutt          |     8 |    19 ||    27
  Use: Potion            |       |     4 ||     4
       Scroll            |       |     1 ||     1
Armor: Scale mail        |    66 |    80 ||   146
Dodge: Dodged            |    48 |    85 ||   133
Block: Buckler           |    29 |    42 ||    71
